 Dungeon Crawl Stone Soup version 0.29.1-1-gd02db6906a (webtiles) character file.

Game seed: 1775732022444175243

77 Dakr the Grave Robber (level 4, -1/34 HPs)
             Began as a Ghoul Necromancer on Sept 18, 2022.
             Slain by a gnoll
             ... wielding a +0 spear
              (3 damage)
             ... on level 2 of the Dungeon.
             The game lasted 00:11:54 (2655 turns).

Dakr the Grave Robber (Ghoul Necromancer)           Turns: 2655, Time: 00:11:55

Health: -1/34      AC:  5    Str: 11    XL:     4   Next: 34%
Magic:  1/6        EV: 11    Int: 12    God:
Gold:   85         SH:  0    Dex:  9    Spells: 6/7 levels left

rFire   . . .      SeeInvis .   f - +0 club
rCold   + . .      Faith    .   d - orb {mayhem}
rNeg    + + +      Spirit   .   m - +0 leather armour
rPois   ∞          Reflect  .   (no helmet)
rElec   .          Harm     .   (no cloak)
rCorr   .          Rampage  .   k - +0 pair of gloves
Will    .....                   c - +0 pair of boots
Stlth   ++........              (no amulet)
HPRegen 0.00/turn               (no ring)
MPRegen 0.10/turn               (no ring)

@: inhibited regen
A: claws 1, cold resistance 1, negative energy resistance 3, inhibited
regeneration, torment resistance 2, devour on kill
a: no special abilities


You were on level 2 of the Dungeon.
You visited 1 branch of the dungeon, and saw 2 of its levels.

You collected 85 gold pieces.

Inventory:

Hand Weapons
 f - a +0 club (weapon)
Armour
 a - a +0 robe
 c - a +0 pair of boots (worn)
 d - an orb of mayhem (worn)
 j - a +0 scale mail
 k - a +0 pair of gloves (worn)
 l - a +0 barding
 m - a +0 leather armour (worn)
Scrolls
 e - 4 scrolls of identify
 i - 2 scrolls of teleportation {unknown}
Potions
 b - a potion of magic
 g - a potion of brilliance {unknown}
 h - a potion of might {unknown}


   Skills:
 + Level 0.6 Fighting
 + Level 0.8 Maces & Flails
 + Level 0.7 Armour
 + Level 2.3 Dodging
 + Level 2.3 Stealth
 + Level 2.1 Spellcasting
 + Level 4.6 Necromancy


You had 6 spell levels left.
You knew the following spells:

 Your Spells              Type           Power      Damage    Failure   Level
a - Necrotise             Necr           48%        1d6       5%          1

Your spell library contained the following spells:

 Spells                   Type           Power      Damage    Failure   Level
 Vampiric Draining        Necr           12%        2d6       16%         3
 Animate Dead             Necr           12%        N/A       45%         4
 Agony                    Necr           12%        N/A       82%         5


Dungeon Overview and Level Annotations

Branches:
Dungeon (2/15)

Altars:


Innate Abilities, Weirdness & Mutations

You are immune to poison.
You have sharp fingernails.
Your flesh is cold resistant. (rC+)
You are immune to negative energy. (rN+++)
You do not regenerate when monsters are visible.
You are immune to unholy pain and torment.
You thrive by killing the living.


Message History

The gnoll hits you with a +0 club.
You hit the gnoll but do no damage.
The gnoll is heavily wounded.
The gnoll misses you.
You hit the gnoll but do no damage.
The gnoll is heavily wounded.
The gnoll hits you but does no damage. The gnoll hits you with a +0 club.
You hit the gnoll.
The gnoll is severely wounded.
The gnoll hits you but does no damage.
You hit the gnoll but do no damage.
The gnoll is severely wounded.
The gnoll hits you with a +0 club.
You hit the gnoll but do no damage.
The gnoll is severely wounded.
The gnoll hits you with a +0 club.
You hit the gnoll but do no damage.
The gnoll is severely wounded.
A gnoll comes into view. It is wielding a +0 spear.
The gnoll hits you with a +0 club. x2
* * * LOW HITPOINT WARNING * * *
Casting: Necrotise (safe; 5% risk of failure)
Confirm with . or Enter, or press ? or * to list all spells.
Aiming: Necrotise (safe; 5% risk of failure)
Press: ? - help, Shift-Dir - straight line, p - gnoll Nothing appears to happen.
The gnoll shouts!
The gnoll hits you with a +0 club.
* * * LOW HITPOINT WARNING * * *
You completely miss the gnoll.
The gnoll is severely wounded.
The gnoll hits you with a +0 club.
* * * LOW HITPOINT WARNING * * *
You barely miss the gnoll.
The gnoll is severely wounded.
The gnoll closely misses you.
You hit the gnoll but do no damage.
The gnoll is severely wounded.
The gnoll hits you from afar with a +0 spear.
You die...

.#.######.#..#
#......#######
.#........#..# #......#
.##########..## #......#
..............####
#......#
.#########.......#
#......# .# #...###.#
#......# ## #...#
#.###......#######
#...###.................
#.....g@.g..............
#..##########.###.......
[... #........########
#.....##..### #.
#.....###...# #. #.....#
###.# #. #.....# #.####.
#.....# #..)... ........
###>.##


You could see 2 gnolls.

Vanquished Creatures
  Jessica (D:2)
  A gnoll (D:2)
  2 dart slugs (D:1)
  2 endoplasms
  2 giant cockroaches (D:2)
  A hobgoblin (D:2)
  4 jackals (D:2)
  2 kobolds (D:1)
  A quokka (D:2)
  3 ball pythons
  2 bats (D:1)
  3 frilled lizards
  4 goblins
  A rat (D:2)
29 creatures vanquished.

Vanquished Creatures (collateral kills)
  An adder (D:2)
1 creature vanquished.

Grand Total: 30 creatures vanquished

Notes
Turn   | Place    | Note
-------+----------+-------------------------------------------
     0 | D:1      | Dakr the Ghoul Necromancer began the quest for the Orb.
     0 | D:1      | Reached XP level 1. HP: 14/14 MP: 2/2
   407 | D:1      | Reached XP level 2. HP: 20/20 MP: 3/3
  1662 | D:2      | Reached XP level 3. HP: 26/26 MP: 1/4
  1822 | D:2      | Noticed Jessica
  1830 | D:2      | Killed Jessica
  1831 | D:2      | Reached XP level 4. HP: 31/34 MP: 2/6
  2655 | D:2      | Slain by a gnoll

Illustrated notes

Levels and vault maps discovered:
D:1:      beargit_arrival_greenhouse, layout_loops_ring
D:2:      layout_basic, uniq_jessica

Skill      XL: |  1  2  3 |
---------------+----------+-----
Dodging        | 2 |  2.3
Spellcasting   | 2 |  2.1
Fighting       | |  0.6
Maces & Flails | |  0.8
Armour         | |  0.7
Stealth        | |  2.3
Necromancy     | |  4.6

Action                   |  1- 3 |  4- 6 || total
-------------------------+-------+-------++-------
Melee: Unarmed           |     5 |       ||     5
       Club              |    65 |    26 ||    91
 Cast: Necrotise         |    21 |     7 ||    28
  Use: Scroll            |     3 |       ||     3
 Stab: Sleeping          |     2 |       ||     2
Armor: Robe              |    10 |       ||    10
       Leather armour    |    27 |     8 ||    35
Dodge: Dodged            |    64 |     8 ||    72
